 Dungeon Crawl Stone Soup version 0.29-a0-1027-gcd8c55af63 (webtiles) character file.

Game seed: 9552733484133627021

585875 sasdad the Marksdemigod (level 24, 0/203 HPs)
             Began as a Demigod Arcane Marksman on Aug 12, 2022.
             Slain by a rockslime (8 damage)
             ... created by the Royal Jelly
             ... on level 5 of the Pits of Slime on Aug 15, 2022.
             The game lasted 11:09:39 (101834 turns).

sasdad the Marksdemigod (Demigod Arcane Marksman) Turns: 101834, Time: 11:09:40

Health: 0/203      AC: 26    Str: 18    XL:     24   Next: 82%
Magic:  0/57       EV: 39    Int: 32    God:
Gold:   3952       SH:  5    Dex: 43    Spells: 1/52 levels left

rFire   + + +      SeeInvis .   c - +8 storm bow {elec, penet}
rCold   . . .      Faith    .   (shield currently unavailable)
rNeg    . . .      Spirit   .   t - +8 fire dragon scales
rPois   .          Reflect  +   J - +3 hat of Pondering {ponderous, Will+ MP+10 Int+5}
rElec   .          Harm     .   g - +1 cloak of Starlight {*Dazzle EV+4 Stlth--}
rCorr   +          Rampage  +   U - +0 pair of gloves of the Slightly Bent {Str+7 Stlth+}
Will    +++..                   T - +1 pair of boots {rampage}
Stlth   ..........              Q - amulet "Saschau" {Reflect rF+ Int+4 SH+5}
HPRegen 0.43/turn               C - ring of resist corrosion
MPRegen 0.35/turn               N - ring "Buymuq" {rC+ Int+4 Dex+3}

@: engulfed (cannot breathe), forested, corroded, studying 2 skills, invisible,
slow
A: high MP 1, forlorn, divine attributes, clumsy 1, subdued magic 1, MP-powered
wands
}: 3/15 runes: decaying, silver, gossamer
a: no special abilities


You were on level 5 of the Pits of Slime.
You visited 11 branches of the dungeon, and saw 51 of its levels.
You also visited: Gauntlet and Wizlab.

You collected 6803 gold pieces.
You spent 2851 gold pieces at shops.

Inventory:

Hand Weapons
 c - the +8 storm bow (weapon) {elec, penet}
   (You found it on level 14 of the Dungeon)

   Any ammunition fired from it occasionally discharges a powerful burst of
   electricity upon striking a foe.
   Any ammunition fired by it passes through the targets it hits, potentially
   hitting all targets in its path until it reaches maximum range.
Armour
 g - the +1 cloak of Starlight (worn) {*Dazzle EV+4 Stlth--}
   (You found it in a Gauntlet)

   It may blind those who miss an attack against the wearer in melee combat.
   EV:        It affects your evasion (+4).
   Stlth:     It makes you much less stealthy.
 t - +8 fire dragon scales (worn)
 F - a +0 pair of boots of stealth
 J - the +3 hat of Pondering (worn) {ponderous, Will+ MP+10 Int+5}
   (You found it on level 5 of the Vaults)

   Int:       It affects your intelligence (+5).
   MP:        It affects your magic capacity (+10).
   Will:      It increases your willpower.
 T - a +1 pair of boots of rampaging (worn)
 U - the +0 pair of gloves of the Slightly Bent (worn) {Str+7 Stlth+}
   (You found it on level 5 of the Lair of Beasts)

   Str:       It affects your strength (+7).
   Stlth:     It makes you more stealthy.
 W - a +2 hat of willpower
 Y - a scarf of resistance
Jewellery
 i - a ring of protection from cold
 m - a ring of flight
 o - the ring "Uvoshygh" {Wiz rElec rF- Will+ Str+3}
   (You found it on level 4 of the Vaults)

   [ring of wizardry]

   It improves your spell success rate.
   Str:       It affects your strength (+3).
   rF:        It makes you vulnerable to fire.
   rElec:     It insulates you from electricity.
   Will:      It increases your willpower.
 x - an amulet of guardian spirit
 y - the ring "Ittufase" {rElec MP+9 Str+4}
   (You took it off a yaktaur on level 5 of the Vaults)

   [ring of magical power]

   Str:       It affects your strength (+4).
   rElec:     It insulates you from electricity.
   MP:        It affects your magic capacity (+9).
 z - a +6 ring of dexterity
 C - a ring of resist corrosion (left hand)
 D - a ring of positive energy
 N - the ring "Buymuq" (right hand) {rC+ Int+4 Dex+3}
   (You bought it in a shop on level 2 of the Orcish Mines)

   [ring of protection from cold]

   Int:       It affects your intelligence (+4).
   Dex:       It affects your dexterity (+3).
   rC:        It protects you from cold.
 Q - the amulet "Saschau" (around neck) {Reflect rF+ Int+4 SH+5}
   (You found it in a Gauntlet)

   [amulet of reflection]

   It reflects blocked missile attacks.
   Int:       It affects your intelligence (+4).
   rF:        It protects you from fire.
   SH:        It affects your SH (+5).
 S - a ring of see invisible
 V - an amulet of magic regeneration
Wands
 n - a wand of light (20)
 K - a wand of polymorph (1)
 M - a wand of roots (39)
 X - a wand of digging (19)
Scrolls
 b - 10 scrolls of poison
 d - a scroll of silence
 e - 3 scrolls of fear
 h - 6 scrolls of magic mapping
 r - 6 scrolls of amnesia
 s - 21 scrolls of teleportation
 A - 7 scrolls of enchant weapon
 L - 8 scrolls of butterflies
 O - 2 scrolls of enchant armour
 P - 4 scrolls of brand weapon
 R - 7 scrolls of blinking
 Z - 4 scrolls of summoning
Potions
 a - 7 potions of mutation
 f - 3 potions of invisibility
 j - 3 potions of haste
 k - 17 potions of curing
 p - 5 potions of brilliance
 q - 4 potions of might
 u - 4 potions of heal wounds
 v - 7 potions of cancellation
 w - 8 potions of ambrosia
 E - 7 potions of magic
 G - 4 potions of resistance
Miscellaneous
 l - the horn of Geryon
 B - a tin of tremorstones (2/2)
 H - a phantom mirror
 I - a condenser vane


   Skills:
 + Level 14.1 Fighting
 * Level 19.4 Ranged Weapons
 + Level 12.6 Armour
 * Level 19.4 Dodging
 + Level 14.5 Spellcasting
 - Level 18.0 Hexes
 - Level 14.0 Summonings
 * Level 6.1 Necromancy
 - Level 5.0 Translocations
 - Level 4.0 Transmutations
 - Level 3.0 Fire Magic
 - Level 7.0 Air Magic
 - Level 3.0 Earth Magic


You had one spell level left.
You knew the following spells:

 Your Spells              Type           Power      Damage    Failure   Level
a - Slow                  Hex            100%       N/A       0%          1
b - Inner Flame           Hex/Fire       62%        N/A       1%          3
c - Summon Cactus Giant   Summ           36%        N/A       1%          6
d - Summon Forest         Summ/Tloc      29%        N/A       2%          5
e - Portal Projectile     Hex/Tloc       100%       N/A       1%          3
f - Summon Lightning Spi  Summ/Air       62%        N/A       1%          4
g - Swiftness             Air            51%        N/A       1%          3
h - Tukima's Dance        Hex            82%        N/A       0%          3
i - Leda's Liquefaction   Hex/Erth       31%        N/A       1%          4
j - Yara's Violent Unrav  Hex/Tmut       32%        3d13      1%          5
k - Enfeeble              Hex            41%        N/A       2%          7
l - Wereblood             Tmut           37%        N/A       1%          2
m - Borgnjor's Vile Clut  Necr/Erth      20%        N/A       21%         5

Your spell library contained the following spells:

 Spells                   Type           Power      Damage    Failure   Level
 Summon Small Mammal      Summ           100%       N/A       0%          1
 Beastly Appendage        Tmut           74%        N/A       1%          1
 Necrotise                Necr           100%       1d9       1%          1
 Sandblast                Erth           64%        2d14      1%          1
 Shock                    Conj/Air       100%       1d9       1%          1
 Sting                    Tmut/Pois      100%       1d8       1%          1
 Foxfire                  Conj/Fire      100%       2x1d9     2%          1
 Confusing Touch          Hex            82%        N/A       0%          3
 Summon Guardian Golem    Hex/Summ       77%        N/A       0%          3
 Cause Fear               Hex            41%        N/A       0%          4
 Ensorcelled Hibernation  Hex/Ice        100%       N/A       1%          2
 Passwall                 Tmut/Erth      29%        N/A       1%          2
 Poisonous Vapours        Pois/Air       70%        N/A       1%          2
 Static Discharge         Conj/Air       35%        3-8/arc   1%          2
 Sublimation of Blood     Necr           48%        N/A       1%          2
 Call Canine Familiar     Summ           72%        N/A       1%          3
 Dazzling Flash           Conj/Hex       100%       N/A       1%          3
 Gell's Gravitas          Tloc           42%        N/A       1%          3
 Lesser Beckoning         Tloc           42%        N/A       1%          3
 Teleport Other           Tloc           42%        N/A       1%          3
 Vampiric Draining        Necr           48%        2d9       1%          3
 Anguish                  Hex/Necr       33%        N/A       1%          4
 Summon Mana Viper        Hex/Summ       77%        N/A       1%          5
 Airstrike                Air            25%        2d(4-20)  2%          4
 Metabolic Englaciation   Hex/Ice        29%        N/A       2%          5
 Animate Dead             Necr           48%        N/A       3%          4
 Dispel Undead            Necr           48%        3d18      3%          4
 Ignite Poison            Fire/Tmut/Pois 29%        N/A       4%          3
 Mephitic Cloud           Conj/Pois/Air  29%        N/A       4%          3
 Passage of Golubria      Tloc           42%        N/A       5%          4
 Spider Form              Tmut/Pois      27%        N/A       6%          3
 Conjure Flame            Conj/Fire      25%        6-21      7%          3
 Stone Arrow              Conj/Erth      50%        3d10      7%          3
 Corpse Rot               Necr/Pois/Air  39%        N/A       7%          4
 Agony                    Necr           48%        N/A       10%         5
 Petrify                  Tmut/Erth      35%        N/A       11%         4
 Summon Hydra             Summ           36%        N/A       13%         7
 Iskenderun's Mystic Bla  Conj/Tloc      30%        2d8       17%         4
 Manifold Assault         Tloc           42%        N/A       17%         5
 Discord                  Hex            41%        N/A       19%         8
 Ice Form                 Ice/Tmut       27%        N/A       21%         4
 Flame Wave               Conj/Fire      25%        2d8       26%         4
 Sticky Flame             Conj/Fire      25%        2d5       26%         4
 Blade Hands              Tmut           18%        N/A       26%         5
 Lightning Bolt           Conj/Air       17%        1d32      32%         5
 Lee's Rapid Deconstruct  Erth           16%        3d11*     36%         5
 Hailstorm                Conj/Ice       17%        3d6       45%         4
 Olgreb's Toxic Radiance  Pois           17%        N/A       45%         4
 Freezing Cloud           Conj/Ice/Air   14%        6-21      47%         5
 Irradiate                Conj/Tmut      13%        3d16      52%         5
 Death Channel            Necr           24%        N/A       52%         6
 Haunt                    Necr/Summ      30%        N/A       54%         7
 Fireball                 Conj/Fire      12%        3d7       58%         5
 Iskenderun's Battlesphe  Conj           17%        2d7       80%         5
 Statue Form              Tmut/Erth      23%        N/A       88%         6
 Simulacrum               Ice/Necr       16%        N/A       92%         6
 Spellforged Servitor     Conj/Summ      25%        N/A       94%         7
 Iron Shot                Conj/Erth      12%        9d3       99%         6
 Starburst                Conj/Fire      12%        6d5       99%         6
 Dragon Form              Tmut           18%        N/A       100%        7
 Ozocubu's Refrigeration  Ice            8%         4d9       100%        7
 Borgnjor's Revivificati  Necr           24%        N/A       100%        8
 Ignition                 Fire           16%        3d6       100%        8
 Infestation              Necr           24%        N/A       100%        8
 Maxwell's Capacitive Co  Air            25%        ∞         100%        8
 Necromutation            Tmut/Necr      21%        N/A       100%        8
 Death's Door             Necr           24%        N/A       100%        9
 Fire Storm               Conj/Fire      12%        8d3       100%        9
 Polar Vortex             Ice            8%         N/A       100%        9


Dungeon Overview and Level Annotations

Branches:
Dungeon (15/15)            Temple (0/1) D:4            Lair (5/5) D:10
  Swamp (4/4) Lair:3       Spider (4/4) Lair:3        Slime (5/5) Lair:4
    Orc (2/2) D:10            Elf (3/3) Orc:2        Vaults (5/5) D:13
  Crypt (3/3) Vaults:3     Depths (4/4) D:15           Hell (visited)
    Dis (0/7) Hell            Geh (0/7) Hell            Coc (0/7) Hell
    Tar (0/7) Hell            Zot (0/5) Depths:4     WizLab (visited)
Gauntlet (visited)
   Tomb: Crypt:3

Shops:
D:3 [   D:6 =   D:9 (   Orc:2 (=[*   Vaults:3 (   Depths:2 ::=   Depths:4 *

Portals:
Hell: Depths:1 Depths:2 Depths:3 Depths:4
Abyss: Depths:3
Pandemonium: Depths:2 Depths:3 Depths:4
Ziggurat: Depths:3

Annotations:
Elf:2 1 runed translucent door
Crypt:3 Grunn, Xtahua


Innate Abilities, Weirdness & Mutations

You have an increased reservoir of magic. (+10% MP)
You shall have no god before yourself.
Your divine heritage dramatically boosts your attributes as you level up.
You are clumsy. (Dex -2)
Your spells are a little easier to cast, but a little less powerful.
You expend magic power (3 MP) to strengthen your wands.


Message History

The quicksilver ooze hits you but does no damage.
The quicksilver ooze barely misses you. x2
The quicksilver ooze completely misses you. x2
The quicksilver ooze closely misses you. x2
The acid blob misses you.
The rockslime hits you but does no damage.
Your snaplasher vine hits the quicksilver ooze!
Your snaplasher vine misses the quicksilver ooze.
The quicksilver ooze barely misses you.
The quicksilver ooze completely misses you.
Your dryad hits the acid blob!
Your dryad is burned by acid!
The quicksilver ooze barely misses you.
The quicksilver ooze completely misses you.
You feel much better.
* * * LOW HITPOINT WARNING * * *
Your lungs strain for air!
The quicksilver ooze barely misses you.
The quicksilver ooze completely misses you.
The quicksilver ooze misses you. The quicksilver ooze hits you.
* * * LOW HITPOINT WARNING * * *
You feel your power leaking away. The acid blob hits you!!
* * * LOW HITPOINT WARNING * * *
You are splashed with acid.
You resist.
* * * LOW HITPOINT WARNING * * *
Your snaplasher vine barely misses the quicksilver ooze.
The quicksilver ooze completely misses you. x2
The rockslime completely misses you.
Your snaplasher vine closely misses the quicksilver ooze.
The quicksilver ooze completely misses you.
The quicksilver ooze barely misses you.
You block the quicksilver ooze's attack.
The quicksilver ooze hits you but does no damage.
The quicksilver ooze completely misses you. x2
Your dryad hits the acid blob.
Your dryad is burned by acid!
The acid blob hits you but does no damage.
The rockslime hits you!
You die...

.......^.....
............#
............
...........#
.♣.........#♣#
.........J...♣##
......~~~.R....###..
.....~.~~~.JJ.♣.....
.....~~~~~.J@.w.....
.....~~~...JJJ......
...♣.~~...w.........
..........│.........
##.........\........
##........♣*.......
#.................
..♣.............


You could see 2 acid blobs, a rockslime, 4 quicksilver oozes, a friendly dryad
(summoned, corroded) and 2 friendly snaplasher vines.

Vanquished Creatures
  the Royal Jelly (Slime:5)
  2 dread liches
  Mara (D:15)
  Mennas (Vaults:2)
  Saint Roka (Orc:2)
  Geryon (Hell)
  Nikola (Elf:1)
  4 golden dragons
  4 bone dragons
  Arachne (Spider:2)
  A doom hound (Crypt:3)
  5 tentacled monstrosities
  5 liches
  2 walking crystal tomes
  5 titans
  A walking frostbound tome (WizLab)
  A walking earthen tome (Depths:3)
  3 deep elf blademasters
  2 quicksilver dragons
  4 deep elf master archers (Elf:3)
  The ghost of hypergardens the Executioner, an adept MiBe of Trog (Swamp:4)
  6 acid blobs
  4 ancient champions
  3 shadow dragons
  2 sphinxes
  2 storm dragons
  Donald (Vaults:3)
  A thorn hunter (Swamp:4)
  2 revenants
  8 tengu reavers
  A strange machine (WizLab)
  Agnes (Spider:2)
  6 azure jellies
  Kirke (Lair:3)
  3 rockslimes
  3 iron dragons
  14 vault wardens
  The ghost of Besoyti the Warrior, an adept GrFi of the Shining One (Depths:4)
  10 frost giants
  4 fire giants
  5 ghost moths
  8 deep elf sorcerers
  3 emperor scorpions (Spider:4)
  Louise (Swamp:2)
  An orc warlord (Vaults:3)
  A cacodemon (Depths:1)
  2 draconian shifters (Depths:4)
  14 ironbound preservers
  A broodmother (Spider:4)
  4 ghouls
  10 reapers
  4 deep elf elementalists (Elf:3)
  7 quicksilver oozes
  22 stone giants
  10 very ugly things
  A juggernaut skeleton (Crypt:2)
  5 war gargoyles
  Nessos (D:15)
  3 deep elf demonologists
  A yellow draconian (Depths:4)
  4 ironbound thunderhulks
  3 vampire knights
  2 black draconians (Depths:4)
  8 dire elephants
  2 entropy weavers
  3 lorocyprocas (Depths:1)
  7 deep elf annihilators
  A purple draconian (Depths:4)
  3 eleionomae
  9 spark wasps
  Azrael (Spider:3)
  A bunyip (shapeshifter) (Vaults:4)
  2 green draconians (Depths:4)
  4 bunyips
  The ghost of Boig the Cleaver, a journeyman GrFi of the Shining One (D:14)
  6 fire dragons
  2 crystal guardians (Vaults:2)
  3 eidola
  14 ettins
  A shambling mangrove (Swamp:4)
  4 deep elf death magi
  11 jiangshi
  A spectral fenstrider witch (Swamp:4)
  5 deep elf high priests
  10 yaktaur captains
  7 great orbs of eyes
  14 ice dragons
  7 rakshasas
  A peacekeeper (Vaults:2)
  4 boulder beetles
  22 vault guards
  2 spriggan air magi (Depths:1)
  6 hydras
  4 ogre magi
  A hell beast (Depths:3)
  10 ironbound frosthearts
  12 centaur warriors
  5 alligators
  A catoblepas (Lair:5)
  A fenstrider witch skeleton (Crypt:3)
  12 death yaks
  8 two-headed ogres
  8 deep troll earth magi
  6 deep troll shamans
  3 vampire magi
  A hell hog (Depths:3)
  2 tengu warriors
  A spriggan berserker (Depths:3)
  An orc high priest (Orc:2)
  2 soul eaters
  15 hell knights
  10 deep elf knights
  3 sun demons
  5 iron trolls
  A sun moth (Spider:2)
  14 skeletal warriors
  2 shadow wraiths (Crypt:2)
  3 pharaoh ants
  4 sixfirhies
  A death drake (Swamp:1)
  5 goliath frogs
  A spectral hydra (Swamp:4)
  40 deep trolls
  5 orb spiders
  A bunyip zombie (Crypt:2)
  2 spriggan druids (Swamp:2)
  3 glowing orange brains
  A flayed ghost (Crypt:2)
  A swamp dragon (Swamp:4)
  9 bog bodies
  5 steelbarb worms
  13 lindwurms
  15 deep elf archers
  12 ironbound convokers
  6 phantasmal warriors
  8 wizards
  An anaconda skeleton (Crypt:1)
  2 orc knights
  6 necromancers
  2 orc sorcerers
  A fire giant zombie (Vaults:3)
  4 shining eyes
  28 deep elf pyromancers
  3 harpies (Vaults:2)
  2 will-o-the-wisps
  20 wolf spiders
  A wolf spider (shapeshifter) (Vaults:1)
  15 deep elf zephyrmancers
  2 spectral spriggans (Swamp:4)
  2 salamanders (Depths:3)
  3 manticores
  38 ugly things
  6 cyclopes
  Maurice (D:11)
  5 moths of wrath
  3 elephants (Lair:5)
  A goliath frog skeleton (Crypt:2)
  A centaur zombie (Crypt:2)
  A shock serpent zombie (Crypt:1)
  10 rust devils
  21 vault sentinels
  2 eyes of devastation (shapeshifter)
  3 smoke demons
  2 black mambas
  5 cane toads
  A naga mage (Vaults:2)
  5 torpor snails
  A molten gargoyle (D:15)
  Maggie (D:6)
  A naga skeleton (Crypt:1)
  2 efreet (D:15)
  2 rime drakes (D:15)
  3 komodo dragons
  A hellwing (Depths:3)
  8 demonic crawlers
  A bunyip simulacrum (Crypt:1)
  A swamp worm zombie (Crypt:2)
  2 tormentors
  4 freezing wraiths
  17 yaktaurs
  An anaconda simulacrum (Hell)
  2 ice devils
  5 tengu conjurers
  A burning bush (Lair:3)
  A troll (D:10)
  6 tyrant leeches
  8 hornets
  3 meliai (Spider:4)
  A tengu simulacrum (Vaults:3)
  A death drake skeleton (Crypt:1)
  16 tarantellas
  A culicivora zombie (Crypt:1)
  2 dream sheep (Lair:3)
  Grinder (D:3)
  60 slime creatures
  6 blink frogs
  A raiju (D:13)
  14 jumping spiders
  34 dancing weapons
  25 flying skulls
  A black mamba zombie (Crypt:2)
  3 air elementals
  16 culicivoras
  6 water elementals
  4 wraiths
  6 wyverns (D:15)
  A satyr skeleton (Crypt:2)
  A dire elephant simulacrum (Crypt:3)
  9 yaks
  6 spriggans
  Eustachio (D:6)
  4 golden eyes (Slime:4)
  A golden eye (shapeshifter) (D:15)
  4 basilisks
  2 swamp worm simulacra (Swamp:4)
  A yak (shapeshifter) (Vaults:4)
  7 fire elementals
  A redback (shapeshifter) (Vaults:5)
  5 vampire mosquitoes
  A neqoxec (Depths:3)
  31 redbacks
  5 wargs
  A glowing orange brain zombie (Crypt:1)
  An acid dragon (shapeshifter) (Depths:1)
  A harpy simulacrum (Crypt:2)
  11 swamp worms
  2 acid dragons
  4 water moccasins
  A two-headed ogre zombie (Crypt:1)
  7 hell hounds
  3 nameless horrors
  15 hydra simulacra (Swamp:4)
  2 ice beasts
  A black bear (shapeshifter) (Vaults:5)
  11 orc warriors
  22 wolves
  4 ogres
  9 centaurs
  A phantom (D:7)
  A kobold brigand (D:9)
  2 gnoll sergeants
  5 scorpions
  5 necrophages
  5 bullfrogs
  A naga simulacrum (Crypt:2)
  2 earth elementals
  A deep troll simulacrum (Hell)
  3 killer bees
  2 human simulacra
  A raiju skeleton (Crypt:1)
  A howler monkey (D:12)
  2 lava snakes (D:15)
  2 hounds (D:6)
  17 orc priests
  2 jellies
  5 iguanas
  Jessica (D:3)
  14 orc wizards
  Natasha (D:2)
  3 hell rats (D:15)
  8 gnolls
  4 adders
  A white imp (D:7)
  2 ufetubi (Gauntlet)
  3 swamp drake simulacra (Swamp:4)
  An iguana skeleton (Crypt:1)
  4 worms
  A dart slug (D:3)
  43 orcs
  4 ball pythons
  5 bats
  3 endoplasms
  A giant cockroach (D:2)
  5 goblins
  9 hobgoblins
  5 quokkas
  4 frilled lizards
  A gnoll skeleton (Crypt:1)
  20 kobolds
  5 rats
  2 fire vortices
1507 creatures vanquished.

Vanquished Creatures (collateral kills)
  3 tentacled monstrosities
  2 deep elf blademasters (Elf:3)
  2 liches
  3 acid blobs
  An ancient champion (Depths:1)
  3 tengu reavers
  An azure jelly (Slime:2)
  Roxanne (D:14)
  A revenant (Crypt:1)
  2 deep elf sorcerers
  3 fire giants
  6 vault wardens
  A balrug (Depths:1)
  2 angels (Elf:2)
  A deep elf elementalist (Elf:1)
  2 ghouls
  A curse skull (Crypt:2)
  4 ironbound preservers
  2 stone giants
  2 quicksilver oozes
  2 very ugly things
  A deep elf demonologist (Vaults:5)
  3 ironbound thunderhulks (Vaults:2)
  4 eleionomae
  A deep elf annihilator (Elf:3)
  A vampire knight (Depths:3)
  An eidolon (Crypt:2)
  A spark wasp (Spider:4)
  2 deep elf death magi (Elf:3)
  7 ettins
  5 jiangshi (Crypt:3)
  3 yaktaur captains
  A deep elf high priest (Vaults:1)
  Erolcha (D:9)
  2 great orbs of eyes
  A merfolk impaler (Depths:2)
  4 hydras
  2 rakshasas (WizLab)
  A boulder beetle (Spider:2)
  7 vault guards
  An ironbound frostheart (Vaults:2)
  A salamander tyrant (Depths:4)
  A centaur warrior (D:13)
  A catoblepas (Lair:5)
  14 dancing weapons
  16 death yaks
  2 deep troll earth magi
  3 two-headed ogres
  2 tengu warriors (D:13)
  A vampire mage (Crypt:1)
  A spriggan berserker (Depths:4)
  6 deep elf knights
  2 soul eaters
  2 sun demons
  8 skeletal warriors
  A hell knight (Depths:4)
  A salamander mystic (Depths:3)
  3 goliath frogs
  2 titan skeletons
  2 orb spiders (Spider:4)
  2 pharaoh ants
  A glowing orange brain (Vaults:1)
  2 iron trolls
  A swamp dragon (Lair:3)
  3 bog bodies
  3 phantasmal warriors
  3 ironbound convokers
  17 deep trolls
  3 deep elf archers
  A shadow dragon zombie (Vaults:3)
  3 orc knights (Vaults:3)
  A wizard (Vaults:2)
  A harpy (Vaults:2)
  5 lindwurms
  A necromancer (Crypt:1)
  7 deep elf zephyrmancers
  5 deep elf pyromancers
  4 wolf spiders
  11 ugly things
  6 cyclopes
  An elephant (Lair:5)
  A naga mage (Vaults:2)
  A rust devil (Depths:1)
  6 vault sentinels
  A torpor snail (Spider:1)
  An eye of devastation (Slime:1)
  An orange demon (Hell)
  7 cane toads
  2 komodo dragons
  An ice devil (Depths:1)
  7 yaktaurs
  A troll (D:13)
  A demonic crawler (Spider:1)
  4 freezing wraiths
  A meliai (Spider:4)
  A hornet (Swamp:1)
  A bloated husk (Swamp:2)
  A tyrant leech (Swamp:2)
  A burning bush (Lair:3)
  10 blink frogs
  A death drake skeleton (Crypt:1)
  33 slime creatures
  2 tarantellas
  2 raiju
  An ettin zombie (Crypt:2)
  24 flying skulls
  4 dream sheep (Lair:3)
  3 jumping spiders
  4 culicivoras
  A shadow (D:11)
  2 water elementals (Elf:3)
  A wyvern (D:15)
  A fire elemental (Elf:1)
  2 spriggans
  11 yaks
  4 basilisks
  3 hogs (Lair:3)
  A steam dragon (shapeshifter) (D:13)
  3 vampire mosquitoes
  5 redbacks
  A swamp worm simulacrum (Swamp:4)
  2 swamp worms
  An acid dragon (D:13)
  A hell hound (Spider:3)
  2 hydra simulacra (Swamp:4)
  6 water moccasins
  6 orc warriors
  A swamp drake (Swamp:2)
  An ice beast (D:7)
  2 black bears
  4 ogres
  2 centaurs (D:14)
  16 wolves
  A phantom (D:4)
  3 kobold brigands (D:6)
  2 bullfrogs
  A scorpion (D:6)
  A gnoll sergeant (D:10)
  3 necrophages
  3 howler monkeys (D:13)
  4 jellies
  2 orc priests
  A gnoll bouda (D:8)
  Natasha (twice) (D:2)
  An iguana (D:5)
  13 orc wizards
  A hell rat (D:15)
  7 gnolls
  4 white imps
  An ufetubus (Gauntlet)
  2 swamp drake simulacra (Swamp:4)
  A worm (D:4)
  23 orcs
  2 endoplasms (D:4)
  10 kobolds
  A butterfly zombie (Crypt:2)
  A jackal skeleton (Crypt:2)
536 creatures vanquished.

Vanquished Creatures (others)
  A minotaur (Gauntlet)
  A rakshasa (Depths:1)
  A vault guard (D:13)
  3 hydras
  2 boulder beetles (D:10)
  A jorogumo (Spider:2)
  8 death yaks
  A two-headed ogre (D:12)
  A tengu warrior (D:12)
  2 deep elf knights (Elf:1)
  A sixfirhy (Gauntlet)
  A pharaoh ant (Spider:1)
  A deep elf archer (Elf:3)
  A necromancer (Gauntlet)
  An orc sorcerer (Orc:1)
  A cyclops (D:9)
  3 ugly things
  A manticore (D:13)
  An elephant (Lair:5)
  A black mamba (Lair:3)
  2 demonic crawlers (Spider:2)
  A bunyip simulacrum (Swamp:4)
  A komodo dragon (D:10)
  4 trolls
  3 bloated husks
  A polar bear (Vaults:4)
  A tarantella (Spider:1)
  A hornet (D:8)
  3 slime creatures (D:12)
  A shadow (D:13)
  A wraith (D:10)
  10 dancing weapons
  9 yaks
  A fire elemental (Spider:2)
  A vampire mosquito (D:10)
  A swamp worm (Swamp:4)
  A harpy simulacrum (Hell)
  A hell hound (Depths:1)
  9 orc warriors
  3 ogres
  A centaur (D:12)
  A necrophage (Swamp:2)
  3 killer bees
  An orc priest (Orc:2)
  A hell rat (D:15)
  An orc wizard (D:10)
  3 orcs (D:12)
  A creeping inferno (Hell)
  5 foxfires (Swamp:2)
  62 fungi
  86 plants
  8 snaplasher vines
261 creatures vanquished.

Grand Total: 2304 creatures vanquished

Notes
Turn   | Place    | Note
-------+----------+-------------------------------------------
     0 | D:1      | sasdad the Demigod Arcane Marksman began the quest for the
                  | Orb.
     0 | D:1      | Reached XP level 1. HP: 15/15 MP: 4/4
   182 | D:1      | Reached skill level 1 in Fighting
   425 | D:1      | Reached XP level 2. HP: 23/23 MP: 5/5
  1437 | D:2      | Reached XP level 3. HP: 10/28 MP: 5/7
  1821 | D:2      | Learned a level 1 spell: Summon Small Mammal
  1892 | D:2      | Noticed Natasha
  2135 | D:3      | Found Caubo's Armour Boutique.
  2172 | D:3      | Noticed Grinder
  2331 | D:3      | Noticed Jessica
  2359 | D:3      | Killed Jessica
  2360 | D:3      | Reached skill level 1 in Summonings
  2750 | D:2      | Killed Natasha
  2751 | D:2      | Reached XP level 4. HP: 25/35 MP: 2/9
  2837 | D:2      | Noticed Natasha
  2853 | D:2      | Killed Natasha
  3137 | D:2      | You are sucked into a shaft and drop 1 floor!
  3242 | D:2      | Noticed Natasha
  3248 | D:2      | Killed Natasha
  3543 | D:4      | Learned a level 3 spell: Call Canine Familiar
  3598 | D:4      | Reached XP level 5. HP: 40/40 MP: 10/10
  3626 | D:4      | Found a staircase to the Ecumenical Temple.
  4568 | D:4      | Reached XP level 6. HP: 46/47 MP: 9/13
  4572 | D:4      | Learned a level 3 spell: Summon Guardian Golem
  5052 | D:3      | Paralysed by Grinder for 5 turns
  5084 | D:3      | Killed Grinder
  5283 | D:5      | Entered Level 5 of the Dungeon
  5422 | D:5      | Noticed a two-headed ogre
  5428 | D:5      | Killed a two-headed ogre
  5429 | D:5      | Reached skill level 5 in Summonings
  5429 | D:5      | Reached XP level 7. HP: 55/55 MP: 12/15
  5624 | D:5      | Reached XP level 8. HP: 53/61 MP: 11/16
  5704 | D:5      | Learned a level 3 spell: Portal Projectile
  6334 | D:5      | Reached skill level 1 in Translocations
  7057 | D:6      | Found Keepemaj's Jewellery Boutique.
  7097 | D:6      | Noticed Eustachio
  7205 | D:6      | Learned a level 4 spell: Summon Lightning Spire
  7598 | D:6      | Noticed Maggie
  7627 | D:6      | Killed Maggie
  7628 | D:6      | Reached skill level 1 in Air Magic
  7883 | D:6      | Killed Eustachio
  7884 | D:6      | Reached skill level 5 in Hexes
  7884 | D:6      | Reached XP level 9. HP: 68/68 MP: 4/18
 10431 | D:9      | Found Tefo Wus's Weapon Shop.
 10609 | D:9      | Noticed Erolcha
 11565 | D:10     | Entered Level 10 of the Dungeon
 11565 | D:10     | Noticed a two-headed ogre
 11877 | D:10     | Reached XP level 10. HP: 53/77 MP: 14/20
 12007 | D:10     | Found a staircase to the Lair.
 12232 | D:10     | Found a staircase to the Orcish Mines.
 13449 | D:10     | Killed a two-headed ogre
 13450 | D:10     | Reached skill level 5 in Spellcasting
 13772 | Lair:1   | Entered Level 1 of the Lair of Beasts
 13772 | Lair:1   | Noticed a death yak
 13772 | Lair:1   | Noticed a death yak
 13772 | Lair:1   | Noticed a death yak
 13835 | D:11     | Noticed a boulder beetle
 13923 | D:11     | Noticed Maurice
 13941 | D:10     | Reached skill level 5 in Dodging
 14139 | D:10     | Killed a boulder beetle
 14140 | D:10     | Reached skill level 5 in Ranged Weapons
 14260 | D:11     | Reached skill level 5 in Air Magic
 14406 | D:11     | Noticed a boulder beetle
 14734 | D:10     | Killed a boulder beetle
 15250 | D:11     | Killed Maurice
 15754 | D:11     | Noticed a cyclops
 15770 | D:11     | Noticed a white ugly thing
 15929 | D:10     | Killed a white ugly thing
 15930 | D:10     | Reached XP level 11. HP: 84/84 MP: 3/23
 16497 | D:11     | Noticed a two-headed ogre
 16509 | D:11     | Killed a two-headed ogre
 16618 | D:11     | Learned a level 3 spell: Inner Flame
 16952 | D:12     | Noticed an eight-headed hydra
 16982 | D:12     | Killed an eight-headed hydra
 16983 | D:12     | Reached skill level 1 in Fire Magic
 17770 | D:12     | Noticed a two-headed ogre
 17823 | D:12     | Killed a two-headed ogre
 18494 | D:13     | Noticed a tengu warrior
 18513 | D:13     | Killed a tengu warrior
 18688 | D:13     | Noticed a tengu warrior
 18700 | D:12     | Killed a tengu warrior
 19063 | D:13     | Noticed a vault guard
 19076 | D:13     | Killed a vault guard
 19077 | D:13     | Reached skill level 1 in Armour
 19265 | D:13     | Noticed a centaur warrior
 19279 | D:13     | Killed a centaur warrior
 19280 | D:13     | Reached skill level 5 in Fighting
 19280 | D:13     | Reached XP level 12. HP: 69/94 MP: 12/25
 20107 | D:13     | Found a gate to the Vaults.
 20248 | D:9      | Killed Erolcha
 22012 | Lair:1   | Learned a level 3 spell: Swiftness
 22160 | Lair:1   | Noticed a four-headed hydra
 22182 | Lair:1   | Killed a four-headed hydra
 23105 | Lair:1   | Reached skill level 10 in Summonings
 23400 | Lair:2   | Found a gate leading to a gauntlet.
 23404 | Gauntlet | Entered a Gauntlet
 23404 | Gauntlet | Found a transporter.
 23404 | Gauntlet | Found a transporter.
 23412 | Gauntlet | Found a transporter.
 23416 | Gauntlet | Found a transporter.
 23424 | Gauntlet | Found a transporter.
 23428 | Gauntlet | Found a transporter.
 23437 | Gauntlet | Found a transporter.
 23452 | Gauntlet | Found a transporter.
 23454 | Gauntlet | Found the +1 cloak of Starlight {*Dazzle EV+4 Stlth--}
 23466 | Gauntlet | Found a transporter.
 23470 | Gauntlet | Found a transporter.
 23478 | Gauntlet | Found a transporter.
 23482 | Gauntlet | Found a transporter.
 23705 | Gauntlet | Identified the amulet "Saschau" {Reflect rF+ Int+4 SH+5}
 24219 | Gauntlet | Noticed a minotaur
 24238 | Gauntlet | Killed a minotaur
 24239 | Gauntlet | Reached XP level 13. HP: 58/102 MP: 19/26
 24420 | Gauntlet | Got Esaliyj's Directory of the Map
 26879 | Lair:3   | Noticed Kirke
 26913 | Lair:3   | Killed Kirke
 27262 | Lair:3   | Found a staircase to the Swamp.
 27513 | Lair:3   | Found a hole to the Spider Nest.
 27567 | Lair:3   | Reached skill level 10 in Ranged Weapons
 27644 | Lair:3   | Reached skill level 10 in Dodging
 27665 | Lair:3   | Reached skill level 5 in Armour
 28767 | Lair:4   | Got Boipnuqa's Quarto of the Injurious Chill
 29002 | Lair:4   | Reached XP level 14. HP: 113/113 MP: 7/27
 29798 | Lair:4   | Found a runed translucent door.
 29799 | Lair:4   | Noticed an acid blob
 29802 | Lair:4   | Found a staircase to the Slime Pits.
 29802 | Lair:4   | Noticed an acid blob
 29936 | Lair:5   | Entered Level 5 of the Lair of Beasts
 31171 | Lair:5   | Identified the +0 pair of gloves of the Slightly Bent
                  | {Str+7 Stlth+}
 32410 | Lair:5   | Identified the +6 dagger "Ubbith" {vamp, Str+2}
 32701 | Orc:1    | Entered Level 1 of the Orcish Mines
 33063 | Orc:2    | Entered Level 2 of the Orcish Mines
 34365 | Orc:2    | Found Fibu's General Store.
 34681 | Orc:2    | Found Tiepaeny's Jewellery Shoppe.
 34754 | Orc:2    | Found Votont's Antique Armour Shop.
 34766 | Orc:2    | Bought a pair of embroidered boots for 180 gold pieces
 34874 | Orc:2    | Found a staircase to the Elven Halls.
 34931 | Orc:2    | Noticed Saint Roka
 35349 | Orc:2    | Found Adisad's Antique Weapon Emporium.
 35636 | Orc:2    | Bought the ring "Buymuq" {rC+ Int+4 Dex+3} for 607 gold
                  | pieces
 35674 | Orc:2    | Bought Great Wizards, Vol. VII for 480 gold pieces
 35745 | D:10     | Learned a level 3 spell: Tukima's Dance
 36069 | D:14     | Noticed a storm dragon
 36517 | D:14     | Noticed Roxanne
 36523 | D:14     | Got Asmodeus's Vellum of Embers
 36559 | D:14     | Reached XP level 15. HP: 123/123 MP: 11/28
 36644 | D:13     | Gained mutation: You are agile. (Dex +4, Str/Int -1)
                  | [potion of mutation]
 36644 | D:13     | Gained mutation: You occasionally shout uncontrollably at
                  | your foes. [potion of mutation]
 36644 | D:13     | Gained mutation: You have large cloven feet. [potion of
                  | mutation]
 36645 | D:13     | Lost mutation: You have large cloven feet. [potion of
                  | mutation]
 36645 | D:13     | Lost mutation: You occasionally shout uncontrollably at
                  | your foes. [potion of mutation]
 36645 | D:13     | Gained mutation: Your muscles are strong. (Str +4, Int/Dex
                  | -1) [potion of mutation]
 36646 | D:13     | Lost mutation: Your muscles are strong. (Str +4, Int/Dex
                  | -1) [potion of mutation]
 36646 | D:13     | Lost mutation: You are agile. (Dex +4, Str/Int -1) [potion
                  | of mutation]
 36646 | D:13     | Gained mutation: You expend magic power (3 MP) to
                  | strengthen your wands. [potion of mutation]
 36646 | D:13     | Gained mutation: You are dopey. (Int -2) [potion of
                  | mutation]
 36646 | D:13     | Gained mutation: Your system is resistant to poisons.
                  | (rPois) [potion of mutation]
 36647 | D:13     | Lost mutation: Your system is resistant to poisons. (rPois)
                  | [potion of mutation]
 36647 | D:13     | Lost mutation: You are dopey. (Int -2) [potion of mutation]
 36647 | D:13     | Gained mutation: You are partially covered in iridescent
                  | scales. (AC +2) [potion of mutation]
 36647 | D:13     | Gained mutation: You have a considerably increased
                  | reservoir of magic. (+20% MP) [potion of mutation]
 36647 | D:13     | Gained mutation: Your flesh is cold resistant. (rC+)
                  | [potion of mutation]
 36961 | D:13     | Killed a storm dragon
 37471 | D:14     | Found a transporter.
 37475 | D:14     | Noticed Boig's ghost (journeyman GrFi)
 37554 | D:14     | Found a transporter.
 37689 | D:14     | Found the +8 storm bow {elec, penet}
 37854 | D:14     | Killed Roxanne
 38025 | D:15     | Entered Level 15 of the Dungeon
 38450 | D:15     | Noticed Nessos
 38461 | D:15     | Killed Nessos
 38569 | D:15     | Found a staircase to the Depths.
 40212 | Swamp:1  | Entered Level 1 of the Swamp
 41029 | Swamp:1  | Learned a level 4 spell: Leda's Liquefaction
 41787 | Swamp:2  | Reached skill level 1 in Earth Magic
 42164 | Swamp:2  | Reached XP level 16. HP: 128/132 MP: 30/34
 42231 | Swamp:2  | Identified the +0 chain mail of Sobbanon {MP+9 Int-3 Dex+4}
 42306 | Swamp:2  | Identified the +7 long sword of Ascent {elec, rF+}
 43309 | Swamp:3  | Noticed Louise
 43368 | Swamp:2  | Killed Louise
 44592 | Spider:1 | Entered Level 1 of the Spider Nest
 47031 | Spider:2 | Noticed Arachne
 47592 | Spider:2 | Reached skill level 10 in Hexes
 47616 | Spider:2 | Killed Arachne
 47617 | Spider:2 | Reached skill level 10 in Fighting
 48490 | Spider:3 | Noticed Azrael
 48823 | Spider:3 | Noticed Agnes
 48836 | Spider:2 | Killed Agnes
 49102 | Spider:3 | Killed Azrael
 49604 | Spider:3 | Learned a level 5 spell: Yara's Violent Unravelling
 49828 | Orc:2    | Killed Saint Roka
 50299 | Elf:1    | Entered Level 1 of the Elven Halls
 50432 | Elf:1    | Reached skill level 1 in Transmutations
 50636 | Elf:1    | Noticed Nikola
 50671 | Elf:1    | Killed Nikola
 50811 | Elf:1    | Reached XP level 17. HP: 54/140 MP: 8/37
 52588 | Elf:1    | Got the Volume of the Impact
 53052 | Swamp:4  | Entered Level 4 of the Swamp
 53971 | Swamp:4  | Found a transporter.
 54008 | Swamp:4  | Found a transporter.
 54011 | Swamp:4  | Noticed hypergardens's ghost (adept MiBe)
 54516 | Swamp:4  | Got a decaying rune of Zot
 54805 | Vaults:1 | Entered Level 1 of the Vaults
 54808 | Vaults:1 | Identified the +1 robe "Ebuezouq" {rF- rN++ Int+2}
 54974 | Vaults:1 | Noticed a golden dragon
 55126 | D:13     | Killed a golden dragon
 58217 | Vaults:2 | Reached skill level 15 in Ranged Weapons
 58220 | Vaults:2 | Reached XP level 18. HP: 149/149 MP: 33/40
 58222 | Vaults:2 | Reached skill level 10 in Spellcasting
 58284 | Vaults:2 | Reached skill level 15 in Dodging
 58477 | Vaults:2 | Noticed Mennas
 59997 | Vaults:3 | Found a staircase to the Crypt.
 60085 | Vaults:3 | Found a magical portal.
 60094 | WizLab   | Entered Tukima's Studio
 60774 | WizLab   | Noticed sasdad's illusion
 61421 | Vaults:3 | Noticed Donald
 61435 | Vaults:3 | Killed Donald
 61518 | Vaults:3 | Found Ihyn's Antique Weapon Boutique.
 63624 | Vaults:4 | Learned a level 7 spell: Enfeeble
 63728 | Vaults:4 | Noticed a dread lich
 63774 | Vaults:4 | Noticed a Hell Sentinel
 64114 | Vaults:4 | Reached XP level 19. HP: 158/158 MP: 38/42
 64372 | Vaults:4 | Identified the +4 lajatang "Jaydio" {spect, rF+ Str-3 SInv
                  | Stlth+}
 64758 | Vaults:4 | Identified the ring "Uvoshygh" {Wiz rElec rF- Will+ Str+3}
 64778 | Vaults:4 | Noticed a Brimstone Fiend
 64795 | Vaults:4 | Killed a dread lich
 65445 | D:14     | Killed Boig's ghost
 65605 | Depths:1 | Entered Level 1 of the Depths
 65605 | Depths:1 | Found a runed translucent door.
 65660 | Depths:1 | Noticed a golden dragon
 65937 | Depths:1 | Noticed Mara
 65942 | Depths:1 | Noticed sasdad's illusion
 66203 | D:15     | Killed Mara
 66695 | Depths:1 | Found a gateway to Hell.
 67593 | Depths:2 | Found a one-way gate leading to the halls of Pandemonium.
 67664 | Depths:2 | Identified the +4 chain mail of the Well-Known Scars {*Slow
                  | rF+ Will+ Int+3}
 67817 | Depths:2 | Found Fydghut's Book Shoppe.
 67818 | Depths:2 | Found Ineopen's Jewellery Shop.
 67820 | Depths:2 | Found Gaeshrypn's Book Shoppe.
 67826 | Depths:2 | Bought a book of the Wilderness for 684 gold pieces
 67864 | Depths:2 | Reached skill level 10 in Armour
 67914 | Depths:2 | Identified the +6 war axe of Terra Cotta {vorpal, Dex+2}
 68383 | Depths:2 | Identified the +5 scale mail of the Mackerel {rElec rN+}
 68948 | Depths:3 | Found a one-way gateway to a ziggurat.
 68952 | Depths:3 | Found a one-way gate to the infinite horrors of the Abyss.
 69911 | Depths:2 | Learned a level 5 spell: Summon Forest
 70629 | Depths:3 | Reached XP level 20. HP: 155/168 MP: 23/44
 71099 | Depths:3 | Lost mutation: You have a considerably increased reservoir
                  | of magic. (+20% MP) [a neqoxec]
 71464 | Depths:3 | Reached skill level 5 in Translocations
 72508 | Depths:4 | Entered Level 4 of the Depths
 72627 | Depths:4 | Found a runed translucent door.
 72930 | Depths:4 | Noticed Besoyti's ghost (adept GrFi)
 73007 | Depths:4 | Found Wigawit's Serpentskin Sales.
 73054 | Depths:4 | Reached skill level 15 in Hexes
 74698 | Depths:4 | Noticed a bone dragon
 75148 | Depths:4 | Killed a bone dragon
 75273 | Depths:4 | Found a gate to the Realm of Zot.
 75407 | Depths:4 | Killed Besoyti's ghost
 75828 | Depths:2 | Bought the Omnibus of Terra Firma for 640 gold pieces
 76029 | Orc:2    | Bought a ring of positive energy for 260 gold pieces
 76308 | Swamp:4  | Killed hypergardens's ghost
 76479 | Swamp:4  | Identified the +6 trident "Sotumyaq" {speed, Int+4 SInv}
 76496 | Swamp:4  | Learned a level 6 spell: Summon Cactus Giant
 76678 | Spider:4 | Entered Level 4 of the Spider Nest
 77987 | Spider:4 | Got a gossamer rune of Zot
 78292 | Crypt:1  | Entered Level 1 of the Crypt
 78511 | Crypt:1  | Reached XP level 21. HP: 173/174 MP: 43/43
 78806 | Crypt:1  | Identified the +4 tower shield "Pinwauro" {Int+3}
 79051 | Crypt:1  | Reached XP level 22. HP: 181/181 MP: 45/45
 80612 | Crypt:2  | Learned a level 2 spell: Wereblood
 80656 | Crypt:3  | Entered Level 3 of the Crypt
 80656 | Crypt:3  | Noticed Grunn
 81909 | Crypt:3  | Identified the ring of Nicwos Ehet {rC+ rN+ Str-2 Dex+3
                  | Slay+4}
 82099 | Crypt:3  | Noticed Xtahua
 84599 | Vaults:2 | Identified the +1 robe "Uduehe Awe" {Drain Str+5 Slay+2}
 84686 | Vaults:2 | Identified the +1 robe of Doukhaq {rC- Will+++ Slay+3
                  | Archmagi}
 85395 | Vaults:2 | Killed Mennas
 86420 | Hell     | Entered the Vestibule of Hell
 86420 | Hell     | Noticed Geryon
 86623 | Hell     | Gained mutation: Your spells are a little easier to cast,
                  | but a little less powerful. [a cacodemon]
 86625 | Hell     | Gained mutation: You are occasionally teleported next to
                  | monsters. [a cacodemon]
 86640 | Depths:1 | Lost mutation: Your flesh is cold resistant. (rC+) [potion
                  | of mutation]
 86640 | Depths:1 | Lost mutation: You expend magic power (3 MP) to strengthen
                  | your wands. [potion of mutation]
 86640 | Depths:1 | Gained mutation: You occasionally shout uncontrollably at
                  | your foes. [potion of mutation]
 86641 | Depths:1 | Lost mutation: You are occasionally teleported next to
                  | monsters. [potion of mutation]
 86641 | Depths:1 | Lost mutation: You are partially covered in iridescent
                  | scales. (AC +2) [potion of mutation]
 86641 | Depths:1 | Gained mutation: You are frail. (-10% HP) [potion of
                  | mutation]
 86641 | Depths:1 | Gained mutation: You occasionally lose the ability to drink
                  | potions when taking damage. [potion of mutation]
 86642 | Depths:1 | Lost mutation: You occasionally shout uncontrollably at
                  | your foes. [potion of mutation]
 86642 | Depths:1 | Lost mutation: You occasionally lose the ability to drink
                  | potions when taking damage. [potion of mutation]
 86642 | Depths:1 | Lost mutation: You are frail. (-10% HP) [potion of
                  | mutation]
 86642 | Depths:1 | Gained mutation: Your mind is acute. (Int +4, Str/Dex -1)
                  | [potion of mutation]
 86642 | Depths:1 | Gained mutation: You are frail. (-10% HP) [potion of
                  | mutation]
 87073 | Depths:1 | Gained mutation: You are clumsy. (Dex -2) [a cacodemon]
 87407 | Depths:1 | Lost mutation: You are frail. (-10% HP) [potion of
                  | mutation]
 87407 | Depths:1 | Lost mutation: You are clumsy. (Dex -2) [potion of
                  | mutation]
 87407 | Depths:1 | Lost mutation: Your mind is acute. (Int +4, Str/Dex -1)
                  | [potion of mutation]
 87407 | Depths:1 | Gained mutation: You are dopey. (Int -2) [potion of
                  | mutation]
 87408 | Depths:1 | Lost mutation: You are dopey. (Int -2) [potion of mutation]
 87408 | Depths:1 | Lost mutation: Your spells are a little easier to cast, but
                  | a little less powerful. [potion of mutation]
 87408 | Depths:1 | Gained mutation: You are frail. (-10% HP) [potion of
                  | mutation]
 87408 | Depths:1 | Gained mutation: Your mind is acute. (Int +4, Str/Dex -1)
                  | [potion of mutation]
 87408 | Depths:1 | Gained mutation: You have hidden genetic defects. [potion
                  | of mutation]
 87409 | Depths:1 | Lost mutation: You are frail. (-10% HP) [potion of
                  | mutation]
 87409 | Depths:1 | Lost mutation: Your mind is acute. (Int +4, Str/Dex -1)
                  | [potion of mutation]
 87409 | Depths:1 | Lost mutation: You have hidden genetic defects. [potion of
                  | mutation]
 87409 | Depths:1 | Gained mutation: Your body sometimes deteriorates upon
                  | taking damage. [potion of mutation]
 87409 | Depths:1 | Gained mutation: You passively map a small area around you.
                  | [potion of mutation]
 87410 | Depths:1 | Lost mutation: You passively map a small area around you.
                  | [potion of mutation]
 87410 | Depths:1 | Lost mutation: Your body sometimes deteriorates upon taking
                  | damage. [potion of mutation]
 87410 | Depths:1 | Gained mutation: You are clumsy. (Dex -2) [potion of
                  | mutation]
 87410 | Depths:1 | Gained mutation: You expend magic power (3 MP) to
                  | strengthen your wands. [potion of mutation]
 87476 | Hell     | Reached XP level 23. HP: 141/190 MP: 28/46
 87489 | Hell     | Killed Geryon
 89144 | Hell     | Found a gateway to the decaying netherworld of Tartarus.
 89271 | Hell     | Found a gateway to the freezing wastes of Cocytus.
 89343 | Hell     | Found a gateway to the ashen valley of Gehenna.
 89398 | Hell     | Found a gateway to the Iron City of Dis.
 89973 | Vaults:5 | Entered Level 5 of the Vaults
 91817 | Vaults:5 | Noticed a dread lich
 91964 | Vaults:5 | Identified the ring "Ittufase" {rElec MP+9 Str+4}
 91983 | Vaults:5 | Identified the amulet "Zuynixt" {Acrobat Dex+2 Stlth+}
 92119 | Vaults:5 | Killed a dread lich
 92952 | Vaults:5 | Identified the amulet "Kaarghot" {Regen+ Str+3}
 93974 | Vaults:5 | Got a silver rune of Zot
 94172 | Vaults:5 | Identified the +0 scale mail of True Grit {Harm +Inv Will-}
 94313 | Vaults:5 | Found the +3 hat of Pondering {ponderous, Will+ MP+10
                  | Int+5}
 94668 | Vaults:5 | Got the Catalogue of Impurities and Charms
 95048 | Lair:4   | Reached XP level 24. HP: 200/200 MP: 39/47
 95105 | Lair:4   | Learned a level 5 spell: Borgnjor's Vile Clutch
 95455 | Elf:2    | Reached skill level 1 in Necromancy
 96212 | Elf:2    | Found a runed translucent door.
 96256 | Elf:2    | Found a runed translucent door.
 97399 | Elf:3    | Entered Level 3 of the Elven Halls
 98539 | Elf:3    | Identified the ring "Sutupasm" {Ice rCorr Dex+4}
 98639 | Elf:3    | Identified the +11 great sword of Anguish {drain, rN+}
 98884 | Elf:3    | Identified the +8 spear of Haviph {protect, Fly Dex+4}
 98912 | Elf:3    | Identified the +7 spear of Triumph {pain, rF+++ rCorr Str-3
                  | Dex-5}
 98912 | Elf:3    | Identified the +2 chain mail of the Barber Surgeon {Drain
                  | rN+ Str+3}
 99145 | Elf:3    | Identified the +6 glaive of Gejarohois {vorpal, Contam
                  | rPois Will++ SInv}
 99724 | Elf:3    | Reached skill level 5 in Necromancy
 99794 | Elf:3    | Paralysed by an air elemental for 1 turns
 99884 | Elf:3    | Identified the +1 arbalest of Tiekhlof {speed, Int+4}
 99923 | Elf:3    | Got Citzasoq's Exposition on Foul Superposition
 99925 | Elf:3    | Identified the +1 short sword "Liproezxod" {antimagic,
                  | Will+ Int+3 Stlth+}
 99959 | Elf:3    | Identified the +10 war axe of Silosomy {speed, *Noise rElec
                  | Str-3 Dex+9}
100324 | Slime:1  | Entered Level 1 of the Pits of Slime
101259 | Slime:5  | Entered Level 5 of the Pits of Slime
101276 | Slime:5  | Gained mutation: Your spells are a little easier to cast,
                  | but a little less powerful. [a shining eye]
101299 | Slime:5  | Noticed the Royal Jelly
101314 | Slime:5  | Killed the Royal Jelly
101834 | Slime:5  | HP: 8/203 [acid[the Royal Jelly] (3)]
101834 | Slime:5  | Slain by a rockslime

Illustrated notes

Levels and vault maps discovered:
D:1:      amcnicky_arrival_wind_blow, layout_basic,
          shapermc_ecumenical_altar_mp_highgroup
D:2:      layout_basic, uniq_natasha
D:3:      layout_loops_cross, mainiacjoe_overflow_paths, serial_shops,
          nicolae_shop_behind_doors, minmay_misc_feat_enclosed,
          minmay_pentomino_pile, uniq_grinder, uniq_jessica
D:4:      layout_cave_pods, minmay_temple_entry_ruins, nicolae_wormholes
D:5:      layout_gridville, amethyst_killhole, st_stairs_6
D:6:      layout_gridville, mainiacjoe_overflow_small_starburst,
          minmay_shop_enchanted_jewellery, uniq_maggie, uniq_eustachio
D:7:      layout_cave_pools, mainiacjoe_overflow_divided_tiny
D:8:      nicolae_cairo_tiling, layout_basic
D:9:      layout_basic, serial_shops, nicolae_shop_crystal, minivault_27,
          uniq_erolcha
D:10:     layout_roguey, elyvilon_altar_3, minmay_orc_entry_temple_small
D:11:     layout_rooms, uniq_maurice
D:12:     layout_loops_ring, special_room [special_room_orc]
D:13:     layout_cave_pools, david_vaults_5, st_stairs_10,
          kennysheep_decorative_pillar
D:14:     minmay_shoctagon, layout_cross, nzn_ghost_randoct,
          minmay_misc_feat_columns, uniq_roxanne
D:15:     grunt_enter_depths_giant_problem, layout_basic, special_room
          [special_room_mythical_zoo], grunt_dithmenos_smoke, uniq_nessos
Lair:1:   layout_misc_corridors, grunt_forest_large_clearings
Lair:2:   layout_regular_city, gauntlet_entry_generic, serial_bayou_shore_b,
          infiniplex_staircase_pool_2
Lair:3:   layout_chaotic_city, palyth_hydra_swamp_entry,
          spider_nest_entry_rubble, evilmike_ambush
          [evilmike_ambush_outer_corners, evilmike_ambush_inner_cross],
          uniq_kirke
Lair:4:   layout_gridlike, slime_entry_2, grunt_megastairs_5
Lair:5:   grunt_lair_end_beastmaster, layout_regular_city,
          chequers_serial_rivers_small_3
Swamp:1:  layout_falls_marsh, serial_swamp_ruin, evilmike_swamp_ruin_rubble_1,
          evilmike_swamp_ruin_house_4, infiniplex_staircase_pool
Swamp:2:  nicolae_swamp_husk_halls, layout_basic_swamp,
          hangedman_swamp_ruin_hall, hangedman_swamp_ravenous
Swamp:3:  layout_falls_marsh, evilmike_swamp_ruin_house_1, swamp_pool1,
          uniq_louise
Swamp:4:  swamp_icy, layout_basic_swamp, gammafunk_ghost_mausoleum
Spider:1: layout_spider_delve
Spider:2: layout_cave_pods, nicolae_crawler_farm, uniq_arachne
Spider:3: layout_spider_delve, uniq_agnes, uniq_azrael
Spider:4: grunt_spider_rune_island, portal_ice_cave_entry_pillars_four
Slime:1:  layout_caves
Slime:2:  layout_caves, basic_altar
Slime:3:  layout_caves
Slime:4:  layout_caves, cheibrodos_slime_lost_civilization_4
Slime:5
Orc:1:    layout_caves, nicolae_orc_crystal_geode
Orc:2:    grunt_orc_gardens, layout_caves, grunt_orc_garden, grunt_orc_garden,
          grunt_orc_garden, grunt_orc_garden, basic_altar, uniq_saint_roka
Elf:1:    nicolae_elf_arrival_fired_up, layout_geoelf_octagon,
          minmay_elf_annihilation, grunt_ministairs_14, minmay_crystal_room,
          uniq_nikola
Elf:2:    elven_hall_of_blades_hangedman_original
          [nicolae_blade_entry_splitting_headache], layout_loops_corners,
          portal_desolation_entry_holy_temple, nicolae_elf_altarnating
Elf:3:    minmay_elf_hall_furrowed, layout_geoelf_grid
Vaults:1: v_pattern_4, v_misc_32, st_star, ontoclasm_vaults_claustrophobia,
          vaults_mumra_chevron, vaults_mumra_hexcomb, vaults_room_hallway,
          nicolae_vaults_back_hallway, v_alt_pattern_5, ontoclasm_vaults_twist,
          nicolae_vaults_angled_halls, nicolae_vaults_specimen_jars,
          nicolae_vaults_theta, vaults_dpeg_doors, layout_vaults_maze_snakey
Vaults:2: ontoclasm_vaults_spin, grunt_tower_of_power, ontoclasm_vaults_gateway,
          vaults_mumra_hex, nicolae_vaults_diagonal_hallway_8, v_rooms_3,
          grunt_vaults_twisty, vaults_room_fancy_cross, v_misc_11,
          vaults_room_fours, nicolae_vaults_little_squares_6,
          vaults_room_door_ring, ontoclasm_vaults_decontamination,
          layout_vaults_chaotic_city, uniq_mennas, uniq_margery
Vaults:3: mu_enter_wizlab_3, v_alt_pattern_1, hangedman_vaults_nails,
          vaults_room_door_ring, nicolae_vaults_theta, st_smaller_cells,
          hangedman_vaults_slice, minmay_crypt_entry_necro_gods,
          ontoclasm_vaults_pinch, v_misc_25, layout_vaults_quadrants,
          serial_shops, shop, uniq_donald
Vaults:4: nicolae_vaults_quadrants, nicolae_vaults_ninety_degrees,
          nicolae_vaults_circle_grid_b, hangedman_vaults_impose,
          vaults_room_large_hall, v_misc_17, v_misc_12,
          nicolae_vaults_border_crossing, serial_ice_b, layout_vaults_omnicross
Vaults:5
Crypt:1:  layout_regular_city, st_stairs_7, minivault_5,
          small_chamber_with_monster, grunt_ministairs_2, item_on_display_a
Crypt:2:  layout_regular_city, due_unseen_surprise, grunt_megastairs_2
Crypt:3:  grunt_crypt_end_deaths_head, uniq_xtahua, uniq_grunn
Depths:1: layout_gridlike, lightli_too_deep, nzn_wu_jian_contemplation,
          chequers_serial_rivers_large_a, lightli_gold_pyramid, uniq_mara
Depths:2: nicolae_cairo_tiling_large_dashed, layout_gridlike, pf_coc_iceberg,
          rand_demon_pan_entry_8, minmay_misc_feat_alley, minmay_shop_grove,
          serial_bayou_shore_a
Depths:3: minmay_triangles_in_corner, layout_gridlike, enter_ziggurat_e,
          hellmouth_1, abyss_entry, rand_demon_pan_entry_3, zin_academy,
          infiniplex_staircase_zigzag_4
Depths:4: grunt_zot_entry_hairpin, layout_basic, hellmonk_ghost_happy_afterlife,
          lemuel_tele_altar, hell_entry, pan_entry, guppyfry_shop_venom
Hell

Skill      XL: |  1  2  3  4  5  6  7  8  9 10 11 12 13 14 15 16 17 18 19 20 21 22 23 24 |
---------------+-------------------------------------------------------------------------+-----
Fighting       | 1 2 3 4 5 6 7 8 9 10 11 12 13 14 | 14.1
Ranged Weapons | 2 3 4 5 7 8 10 12 13 14 15 16 17 18 19 | 19.4
Dodging        | 2 3 4 5 7 8 10 12 13 14 15 16 17 18 19 | 19.4
Hexes          | 3 5 6 7 9 10 11 12 13 16 17 18 | 18.0
Summonings     | 1 2 4 5 6 7 8 9 10 12 13 14 | 14.0
Spellcasting   | 2 3 4 5 6 7 8 9 11 13 14 | 14.5
Translocations | 2 4 5 |  5.0
Air Magic      | 1 4 5 6 7 |  7.0
Fire Magic     | 3 |  3.0
Armour         | 1 3 5 7 8 9 10 11 12 | 12.6
Earth Magic    | 2 3 |  3.0
Transmutations | 1 4 |  4.0
Necromancy     | 6 |  6.1

Action                   |  1- 3 |  4- 6 |  7- 9 | 10-12 | 13-15 | 16-18 | 19-21 | 22-24 || total
-------------------------+-------+-------+-------+-------+-------+-------+-------+-------++-------
Melee: Longbow           |       |       |       |       |       |       |     1 |     2 ||     3
 Fire: Sling             |   120 |    95 |   292 |   418 |   258 |       |       |       ||  1183
       Longbow           |       |       |       |       |   564 |  1335 |  1118 |  1534 ||  4551
Throw: Dart              |       |     2 |       |       |       |       |       |       ||     2
 Cast: Slow              |    45 |    39 |    68 |    40 |    15 |       |     2 |       ||   209
       Summon Small Mamm |     2 |    40 |    17 |       |       |       |       |       ||    59
       Call Canine Famil |       |       |    62 |    84 |   159 |   134 |    51 |       ||   490
       Portal Projectile |       |       |    22 |    42 |    39 |    69 |    15 |    45 ||   232
       Summon Guardian G |       |       |    12 |   100 |    28 |    18 |     4 |       ||   162
       Summon Lightning  |       |       |       |    69 |   171 |   192 |   112 |   176 ||   720
       Inner Flame       |       |       |       |     4 |    66 |    38 |    32 |    36 ||   176
       Swiftness         |       |       |       |     2 |    10 |     5 |    10 |    23 ||    50
       Tukima's Dance    |       |       |       |       |     1 |    63 |    16 |     9 ||    89
       Leda's Liquefacti |       |       |       |       |       |     2 |     4 |     8 ||    14
       Yara's Violent Un |       |       |       |       |       |    15 |    29 |    35 ||    79
       Summon Forest     |       |       |       |       |       |       |    14 |    34 ||    48
       Enfeeble          |       |       |       |       |       |       |    10 |    34 ||    44
       Summon Cactus Gia |       |       |       |       |       |       |     3 |   170 ||   173
       Wereblood         |       |       |       |       |       |       |       |     1 ||     1
Evoke: Wand              |       |       |     4 |       |     7 |       |       |       ||    11
  Use: Scroll            |       |     4 |    14 |    10 |    14 |     6 |     7 |    14 ||    69
       Potion            |       |       |       |     4 |     4 |     1 |     4 |    19 ||    32
Armor: Robe              |     7 |     9 |    10 |       |       |       |       |       ||    26
       Acid dragon scale |       |       |    42 |   115 |       |       |       |       ||   157
       Ring mail         |       |       |       |       |   106 |    93 |   117 |    73 ||   389
       Fire dragon scale |       |       |       |       |       |       |       |   236 ||   236
Dodge: Dodged            |    44 |    34 |   113 |   325 |   642 |  1033 |  1030 |  2278 ||  5499
Block: Other             |       |       |    20 |    89 |   125 |   147 |   138 |   318 ||   837
       Reflection        |       |       |       |     6 |    18 |    18 |     2 |     9 ||    53

Table legend: (Time is in decaauts)
 A = Elapsed time spent in this place.
 B = Non-inter-level travel time spent in this place.
 C = Inter-level travel time spent in this place.
 D = Time resting spent in this place.
 E = Time spent auto-exploring this place.
 F = Levels seen in this place.
 G = Mean time per level.
                   A        B        C        D        E       F      G
               +--------+--------+--------+--------+--------+-----+--------+
         Total | 102809 |  86267 |  16542 |  18175 |  51224 |  53 | 1939.8 |
       Dungeon |  29625 |  24851 |   4774 |   3879 |  16104 |  15 | 1975.0 |
          Lair |  12034 |  10285 |   1749 |   1108 |   7401 |   5 | 2406.8 |
         Swamp |   5717 |   4768 |    949 |    337 |   3433 |   4 | 1429.2 |
   Spider Nest |   6550 |   5511 |   1039 |    569 |   3931 |   4 | 1637.5 |
    Slime Pits |   1028 |    979 |     49 |    755 |      0 |   5 |  205.6 |
  Orcish Mines |   4057 |   3395 |    662 |    388 |   2400 |   2 | 2028.5 |
   Elven Halls |   7306 |   6011 |   1295 |   1558 |   3182 |   3 | 2435.3 |
        Vaults |  16059 |  12369 |   3690 |   3908 |   5912 |   5 | 3211.8 |
         Crypt |   4949 |   4106 |    843 |   1528 |   1765 |   3 | 1649.7 |
        Depths |  12901 |  11432 |   1469 |   3576 |   5935 |   4 | 3225.2 |
          Hell |    628 |    607 |     21 |      0 |    447 |   1 |  628.0 |
        Wizlab |    916 |    916 |      0 |    567 |      0 |   1 |  916.0 |
      Gauntlet |   1034 |   1034 |      0 |      0 |    713 |   1 | 1034.0 |
               +--------+--------+--------+--------+--------+-----+--------+

Top non-repeatable levels by time:
    D:10: 5102 daAuts
Depths:1: 4447 daAuts
    D:13: 4082 daAuts
Vaults:2: 3876 daAuts
  Lair:3: 3769 daAuts
Vaults:3: 3549 daAuts
Vaults:4: 3392 daAuts
Depths:4: 3074 daAuts
Vaults:5: 2994 daAuts
   Elf:3: 2763 daAuts
Depths:3: 2724 daAuts
Depths:2: 2655 daAuts
    D:15: 2638 daAuts
  Lair:5: 2425 daAuts
 Crypt:2: 2420 daAuts
